 Dungeon Crawl Stone Soup version 0.21.1-1-g345015f (webtiles) character file.

263 inc the Sneak (level 6, -5/42 HPs)
             Began as an Octopode Ice Elementalist on June 17, 2018.
             Was an Initiate of Gozag.
             Killed from afar by an orc wizard (7 damage)
             ... with a magic dart
             ... on level 6 of the Dungeon.
             The game lasted 00:08:24 (4083 turns).

inc the Sneak (Octopode Ice Elementalist)           Turns: 4083, Time: 00:08:26

Health: -5/42      AC:  1    Str:  7    XL:     6   Next: 19%
Magic:  4/11       EV: 13    Int: 19    God:    Gozag
Gold:   427        SH:  0    Dex: 13    Spells: 11/12 levels left

rFire    . . .     SeeInvis .   t - +2 war axe (freeze)
rCold    . . .     Gourm    .   (no shield)
rNeg     . . .     Faith    .   (helmet restricted)
rPois    .         Spirit   .   (no amulet)
rElec    .         Reflect  .   (no ring)
rCorr    .         Harm     .   (no ring)
MR       .....                  (no ring)
Stlth    ++++......             (no ring)
HPRegen  0.14/turn              (no ring)
MPRegen  0.12/turn              (no ring)
                                (no ring)
                                (no ring)

@: about to teleport, gold aura, very slightly contaminated
A: almost no armour, stealthy swim, amphibious, 8 rings, constrict 8, camouflage
1, gelatinous body 1
a: Potion Petition, Call Merchant, Bribe Branch, Renounce Religion


You were on level 6 of the Dungeon.
You worshipped Gozag.
Gozag was aware of your devotion.
You were not hungry.

You visited 1 branch of the dungeon, and saw 6 of its levels.

You collected 458 gold pieces.
You paid 31 gold pieces to Gozag.

Inventory:

Hand Weapons
 g - a +0 whip
 q - a -3 rapier
 r - a +2 dagger of flaming
 t - a +2 war axe of freezing (weapon)
Jewellery
 n - an uncursed ring of see invisible {unknown}
Scrolls
 d - 2 scrolls of magic mapping
 e - 3 scrolls of identify
 f - a scroll of fog {unknown}
 i - a scroll of remove curse
 k - 3 scrolls of blinking
 m - 3 scrolls of teleportation
Potions
 h - a potion of cancellation
 j - 2 potions of haste
 o - a potion of resistance
 p - 3 potions of brilliance
Books
 a - a book of Frost

   Spells                             Type                      Level
   a - Freeze                         Ice                          1
   b - Throw Frost                    Conjuration/Ice              2
   c - Ozocubu's Armour               Charms/Ice                   3
   d - Throw Icicle                   Conjuration/Ice              4
   e - Summon Ice Beast               Ice/Summoning                4
Comestibles
 c - 4 rations


   Skills:
 - Level 3.2 Fighting
 - Level 2.0 Dodging
 + Level 5.6 Stealth
 - Level 3.6 Spellcasting
   Level 1.0 Conjurations
 - Level 3.0 Ice Magic


You had 11 spell levels left.
You knew the following spells:

 Your Spells              Type           Power        Failure   Level  Hunger
a - Freeze                Ice            ##..         4%          1    None


Dungeon Overview and Level Annotations

Branches:
Dungeon (6/15)
 Temple: D:4-7

Altars:
Cheibriados
Gozag
Nemelex Xobeh
Trog
Wu Jian

Annotations:
D:6 Edmund


Innate Abilities, Weirdness & Mutations

You cannot wear most types of armour.
You are very stealthy in the water. (Stealth+)
You are amphibious.
You can wear up to eight rings at the same time.
You can use your tentacles to constrict eight enemies at once.
Your skin changes colour to match your surroundings (Stealth+).
Your rubbery body absorbs attacks. (AC +1, EV +1)


Message History

An orc comes into view. It is wielding a whip.
Casting: Freeze
Confirm with . or Enter, or press ? or * to list all spells.
Aiming: Freeze
Press: ? - help, Shift-Dir - straight line You freeze something.
You feel sick.
You are no longer poisoned.
Something hits you.
* * * LOW HITPOINT WARNING * * *
The orc is distracted by the nearby gold.
Something hits you.
* * * LOW HITPOINT WARNING * * *
Okay, then.
As you read the scroll of teleportation, it crumbles to dust.
You feel strangely unstable.
You hear some strange, mumbled words.
A magic dart appears from out of thin air!
The magic dart hits you!
You die...
Your body crumbles into a pile of gold.

.# #h# #.# #.#
#.# # #.#.#
.###.######.#.#
........@$ho..#
###########o###
####.####
#..oo...#
#.......#
#.......#
.....{...#
#.##.......# #
#...(...#


You could see a hound and 2 orcs.

Vanquished Creatures
  3 orc wizards
  2 worker ants
  3 adders
  3 oozes
  An adder zombie (D:5)
  A worm (D:3)
  2 dart slugs
  3 leopard geckos
  8 orcs
  9 bats
  4 giant cockroaches
  6 goblins
  8 hobgoblins
  9 jackals
  A quokka (D:2)
  A ball python (D:2)
  5 frilled lizards
  2 kobolds (D:1)
  5 rats
76 creatures vanquished.

Notes
Turn   | Place    | Note
-------+----------+-------------------------------------------
     0 | D:1      | inc the Octopode Ice Elementalist began the quest for the Orb.
     0 | D:1      | Reached XP level 1. HP: 11/11 MP: 3/3
   134 | D:1      | Reached XP level 2. HP: 8/18 MP: 1/5
  1045 | D:2      | Found a bloodstained altar of Trog.
  1121 | D:2      | Reached XP level 3. HP: 22/22 MP: 7/7
  1268 | D:2      | Found an opulent altar of Gozag.
  1316 | D:2      | Became a worshipper of Gozag Ym Sagoz the Greedy
  1397 | D:2      | Found an ornate altar of the Wu Jian Council.
  2040 | D:3      | Reached skill level 1 in Fighting
  2197 | D:3      | Reached XP level 4. HP: 23/28 MP: 9/9
  3183 | D:4      | Reached XP level 5. HP: 36/36 MP: 8/10
  3258 | D:4      | Found a snail-covered altar of Cheibriados.
  3261 | D:4      | Noticed an ogre
  3649 | D:4      | Noticed an ogre
  3691 | D:4      | Reached skill level 3 in Stealth
  3747 | D:4      | HP: 1/36 [ogre/giant club (13)]
  3782 | D:5      | Entered Level 5 of the Dungeon
  3820 | D:5      | Reached skill level 4 in Stealth
  3827 | D:5      | HP: 1/36 [orc/club (3)]
  3874 | D:6      | Noticed a black bear
  3876 | D:6      | Noticed Edmund
  4041 | D:6      | Found a sparkling altar of Nemelex Xobeh.
  4049 | D:6      | Reached skill level 5 in Stealth
  4049 | D:6      | Reached XP level 6. HP: 21/42 MP: 6/11
  4082 | D:6      | HP: 1/42 [something (3)]
  4083 | D:6      | Killed from afar by an orc wizard

Skill      XL: |  1  2  3  4  5 |
---------------+----------------+-----
Spellcasting   | 3 |  3.6
Fighting       | 1 3 |  3.2
Stealth        | 5 |  5.6
Dodging        | |  2.0
Conjurations   | |  1.0
Ice Magic      | |  3.0

Action                   |  1- 3 |  4- 6 || total
-------------------------+-------+-------++-------
Melee: Unarmed           |     6 |       ||     6
       Constrict         |    12 |     7 ||    19
       Whip              |    25 |       ||    25
       Tentacles         |     3 |     5 ||     8
       Dagger            |    11 |    27 ||    38
       War axe           |       |    30 ||    30
 Cast: Freeze            |    52 |    30 ||    82
  Use: Scroll            |     8 |     3 ||    11
       Potion            |       |     3 ||     3
 Stab: Sleeping          |     6 |    10 ||    16
  Eat: Ration            |     2 |     1 ||     3
       Chunk             |     1 |       ||     1
Armor: Skin              |    11 |    33 ||    44
Dodge: Dodged            |    58 |    29 ||    87
